 Dungeon Crawl Stone Soup version 0.21.1-1-g345015f (webtiles) character file.

119 kae the Insei (level 5, -3/34 HPs)
             Began as an Octopode Transmuter on June 14, 2018.
             Slain by an orc
             ... wielding a +0 flail
              (9 damage)
             ... on level 3 of the Dungeon.
             The game lasted 00:01:54 (2151 turns).

kae the Insei (Octopode Transmuter)                 Turns: 2151, Time: 00:01:55

Health: -3/34      AC:  1    Str: 10    XL:     5   Next: 3%
Magic:  8/8        EV: 14    Int: 11    God:
Gold:   221        SH:  0    Dex: 13    Spells: 3/9 levels left

rFire    . . .     SeeInvis +   l - +2 short sword (drain)
rCold    . . .     Gourm    .   (no shield)
rNeg     . . .     Faith    .   (helmet restricted)
rPois    .         Spirit   .   (no amulet)
rElec    .         Reflect  .   d - ring of resist corrosion
rCorr    +         Harm     .   g - ring of resist corrosion
MR       .....                  q - -4 ring of intelligence (curse)
Stlth    ++........             r - ring of see invisible
HPRegen  0.11/turn              (no ring)
MPRegen  0.11/turn              (no ring)
                                (no ring)
                                (no ring)

@: no status effects
A: almost no armour, stealthy swim, amphibious, 8 rings, constrict 8, camouflage
1, gelatinous body 1
a: no special abilities


You were on level 3 of the Dungeon.
You were not hungry.

You visited 1 branch of the dungeon, and saw 3 of its levels.

You collected 221 gold pieces.

Inventory:

Hand Weapons
 l - a +2 short sword of draining (weapon)
Missiles
 a - 12 arrows
Jewellery
 d - a ring of resist corrosion (left tentacle)
 g - a ring of resist corrosion (right tentacle)
 q - a cursed -4 ring of intelligence (on tentacle)
 r - a ring of see invisible (on tentacle)
 t - an uncursed ring of protection from magic {unknown}
 v - a cursed ring of loudness {unknown}
Scrolls
 e - a scroll of immolation {unknown}
 f - a scroll of enchant armour {unknown}
 j - 2 scrolls of amnesia {unknown}
 k - 4 scrolls of identify {unknown}
 m - a scroll of noise {unknown}
 n - 2 scrolls of random uselessness {unknown}
 o - 2 scrolls of magic mapping {unknown}
Potions
 i - 2 potions of degeneration {unknown}
 p - a potion of heal wounds {unknown}
 s - a potion of lignification {unknown}
 w - a potion of might {unknown}
 x - a potion of agility {unknown}
 z - a potion of flight {unknown}
Books
 b - a book of Changes

   Spells                             Type                      Level
   a - Beastly Appendage              Transmutation                1
   b - Sticks to Snakes               Transmutation                2
   c - Spider Form                    Transmutation/Poison         3
   d - Ice Form                       Ice/Transmutation            4
   e - Blade Hands                    Transmutation                5
Comestibles
 c - 5 rations


   Skills:
 + Level 2.0 Fighting
 + Level 2.7 Dodging
 * Level 4.0 Unarmed Combat
 + Level 2.5 Spellcasting
 + Level 2.6 Transmutations


You had 3 spell levels left.
You knew the following spells:

 Your Spells              Type           Power        Failure   Level  Hunger
a - Beastly Appendage     Tmut           #.....       10%         1    ##.....
b - Sticks to Snakes      Tmut           #.......     14%         2    ###....
c - Spider Form           Tmut/Pois      #.........   43%         3    ####...


Dungeon Overview and Level Annotations

Branches:
Dungeon (3/15)

Altars:
Ashenzari

Annotations:
D:3 kae's ghost, amateur OpTm


Innate Abilities, Weirdness & Mutations

You cannot wear most types of armour.
You are very stealthy in the water. (Stealth+)
You are amphibious.
You can wear up to eight rings at the same time.
You can use your tentacles to constrict eight enemies at once.
Your skin changes colour to match your surroundings (Stealth+).
Your rubbery body absorbs attacks. (AC +1, EV +1)


Message History

You pierce the orc wizard, but do no damage.
The orc wizard is almost dead.
You constrict the orc wizard. The orc hits you with a flail!
* * * LOW HITPOINT WARNING * * *
The orc wizard hits you with a dagger.
* * * LOW HITPOINT WARNING * * *
You barely miss the orc wizard.
The orc wizard is almost dead.
You constrict the orc wizard.
You kill the orc wizard!
Your Fighting skill increases to level 2!
Your Unarmed Combat skill increases to level 4!
You have reached level 5!
You feel stronger. The orc closely misses you.
You puncture the rat!
You kill the rat!
Your tentacle spike disappears.
The orc hits you with a flail!
You die...

#. .. ... .
#.# # #. #.#
#.#.##.##
#.......###
#........@#
#....)o)#
####.##.#
########.##.#
.........##.#
.#######.##..
#.##.# #.##.#
#.# .#


You could see an orc.

Vanquished Creatures
  An orc wizard (D:3)
  3 adders (D:2)
  2 worms
  A dart slug (D:3)
  3 leopard geckos (D:3)
  10 orcs
  A ball python (D:3)
  3 goblins
  5 hobgoblins
  4 bats
  5 frilled lizards
  A giant cockroach zombie (D:3)
  6 kobolds
  6 rats
51 creatures vanquished.

Notes
Turn   | Place    | Note
-------+----------+-------------------------------------------
     0 | D:1      | kae the Octopode Transmuter began the quest for the Orb.
     0 | D:1      | Reached XP level 1. HP: 13/13 MP: 3/3
   797 | D:2      | Reached XP level 2. HP: 18/18 MP: 3/5
   825 | D:2      | Found a shattered altar of Ashenzari.
   937 | D:2      | Reached XP level 3. HP: 23/23 MP: 6/6
   944 | D:2      | Learned a level 2 spell: Sticks to Snakes
   948 | D:2      | Learned a level 3 spell: Spider Form
  1494 | D:3      | Reached XP level 4. HP: 24/28 MP: 5/7
  1686 | D:3      | Noticed kae's ghost (amateur OpTm)
  2150 | D:3      | Reached skill level 4 in Unarmed Combat
  2150 | D:3      | Reached XP level 5. HP: 6/34 MP: 8/8
  2151 | D:3      | Slain by an orc

Skill      XL: |  1  2  3  4 |
---------------+-------------+-----
Fighting       | 2 |  2.0
Unarmed Combat | 4 |  4.0
Dodging        | |  2.7
Spellcasting   | |  2.5
Transmutations | |  2.6

Action                   |  1- 3 |  4- 6 || total
-------------------------+-------+-------++-------
Melee: Unarmed           |    19 |       ||    19
       Constrict         |    11 |    14 ||    25
       Tentacles         |     5 |     6 ||    11
       Kick              |     6 |     8 ||    14
       Short sword       |    35 |    49 ||    84
       Punch             |     1 |     1 ||     2
 Cast: Beastly Appendage |    12 |     9 ||    21
  Use: Potion            |       |     1 ||     1
 Stab: Sleeping          |     4 |     3 ||     7
  Eat: Chunk             |     1 |     3 ||     4
Armor: Skin              |     2 |     2 ||     4
Dodge: Dodged            |    31 |    29 ||    60
